 Dungeon Crawl Stone Soup version 0.20.0-15-g7f486f2 (webtiles) character file.

417 Monsterracer the Ruffian (level 6, 0/47 HPs)
             Began as a Draconian Transmuter on June 12, 2017.
             Slain by an orc wizard
             ... wielding a +2 dagger of flaming
              (1 damage)
             ... on level 4 of the Dungeon.
             The game lasted 00:08:55 (3930 turns).

Monsterracer the Ruffian (Draconian Transmuter)     Turns: 3930, Time: 00:08:56

Health: 0/47       AC:  2    Str: 12    XL:     6   Next: 61%
Magic:  6/9        EV: 19    Int: 19    God:
Gold:   174        SH:  0    Dex: 16    Spells: 3/9 levels left

rFire    . . .     SeeInvis .     - Unarmed
rCold    . . .     Gourm    .   (shield currently unavailable)
rNeg     . . .     Faith    .   (armour unavailable)
rPois    x         Spirit   .   (helmet currently unavailable)
rElec    .         Reflect  .   (cloak currently unavailable)
rCorr    .         Harm     .   (gloves currently unavailable)
MR       +....                  (boots currently unavailable)
Stlth    +.........             h - amulet of regeneration
Regen    0.6/turn               o - +3 ring of intelligence
MPRegen  0.2/turn               p - ring of protection from magic

@: spider-form
A: unfitting armour, AC +6
a: End Transformation


You were on level 4 of the Dungeon.
You were not hungry.
You were a venomous arachnid creature.
You visited 1 branch of the dungeon, and saw 4 of its levels.

You collected 174 gold pieces.

Inventory:

Missiles
 a - 18 arrows
Jewellery
 h - an amulet of regeneration (around neck)
 i - an uncursed ring of protection from fire
 o - a +3 ring of intelligence (left front leg)
 p - a ring of protection from magic (right front leg)
 t - an uncursed ring of protection from fire
Wands
 s - a wand of acid (9/15)
Scrolls
 d - a scroll of fog
 e - a scroll of enchant armour
 f - 3 scrolls of identify
 m - 2 scrolls of immolation
Potions
 q - a potion of curing
 u - a potion of brilliance
Books
 b - a book of Changes

   Spells                             Type                      Level
   a - Beastly Appendage              Transmutation                1
   b - Sticks to Snakes               Transmutation                2
   c - Spider Form                    Transmutation/Poison         3
   d - Ice Form                       Ice/Transmutation            4
   e - Blade Hands                    Transmutation                5
Comestibles
 c - 3 bread rations
 g - a chunk of flesh
 j - a meat ration
 r - a fruit


   Skills:
 - Level 1.1 Fighting
 - Level 1.7 Dodging
 * Level 7.0 Unarmed Combat
 - Level 2.0 Spellcasting
 + Level 3.3 Transmutations


You had 3 spell levels left.
You knew the following spells:

 Your Spells              Type           Power        Failure   Level  Hunger
a - Beastly Appendage     Tmut           ##....       13%         1    #......
b - Sticks to Snakes      Tmut           ##......     17%         2    ###....
c - Spider Form           Tmut/Pois      #.........   47%         3    ###....


Dungeon Overview and Level Annotations

Branches:
Dungeon (4/15)
 Temple: D:4-7

Altars:


Innate Abilities, Weirdness & Mutations

((Your plain brown scales are hard. (AC +6)))
You cannot fit into any form of body armour.
((You are cold-blooded and may be slowed by cold attacks.))


Message History

The magic dart hits you!
* * * LOW HITPOINT WARNING * * *
The frilled lizard hisses.
The frilled lizard bites you.
* * * LOW HITPOINT WARNING * * *
You bite the frilled lizard!
You kill the frilled lizard!
The orc wizard points at you and mumbles some strange words.
The magic dart hits you!
* * * LOW HITPOINT WARNING * * *
Some of the chunks of flesh in your inventory have rotted away.
The orc wizard points at you and mumbles some strange words.
The magic dart hits you!
* * * LOW HITPOINT WARNING * * *
You see here a quokka corpse.
You closely miss the orc wizard.
The orc wizard hits you with a dagger of flaming.
* * * LOW HITPOINT WARNING * * *
The orc wizard burns you.
You die...

#.....# #.. #.....##########
.. #.....#.....##.. ...
#.....#......#.. ....
#.....#.... #..
....#####.....##'#######
........................
......))................
......os................
.......†)...............
..................######
.#####+#######....#
#...........#....#
#...........#....#
#...........'....#
#....#...........#....#
#....#...........#....#+####


You could see an orc wizard.

Vanquished Creatures
  An orc priest (D:4)
  A centaur skeleton (D:4)
  4 orc wizards
  A worker ant (D:4)
  5 adders
  An ooze (D:3)
  2 worms
  A dart slug (D:3)
  3 leopard geckos
  7 orcs
  2 ball pythons
  3 giant cockroaches
  7 goblins
  9 hobgoblins
  4 jackals
  6 kobolds
  5 quokkas
  6 bats
  9 frilled lizards
  8 rats
85 creatures vanquished.

Vanquished Creatures (collateral kills)
  A phantom (D:4)
  An orc (D:4)
  A bat (D:2)
3 creatures vanquished.

Grand Total: 88 creatures vanquished

Notes
Turn   | Place    | Note
-------+----------+-------------------------------------------
     0 | D:1      | Monsterracer the Draconian Transmuter began the quest for the Orb.
     0 | D:1      | Reached XP level 1. HP: 16/16 MP: 3/3
   610 | D:1      | Reached XP level 2. HP: 23/23 MP: 5/5
   720 | D:1      | Learned a level 2 spell: Sticks to Snakes
  1217 | D:2      | Reached skill level 4 in Unarmed Combat
  1328 | D:2      | Found a faded altar of an unknown god.
  1361 | D:2      | Reached XP level 3. HP: 19/28 MP: 3/6
  1366 | D:2      | Learned a level 3 spell: Spider Form
  2540 | D:3      | Reached skill level 5 in Unarmed Combat
  2540 | D:3      | Reached XP level 4. HP: 32/35 MP: 5/7
  2679 | D:3      | Reached XP level 5. HP: 38/40 MP: 8/8
  3059 | D:3      | Reached skill level 6 in Unarmed Combat
  3698 | D:4      | Reached XP level 6. HP: 6/47 MP: 6/9
  3919 | D:4      | Reached skill level 7 in Unarmed Combat
  3929 | D:4      | HP: 2/47 [orc wizard/magic dart (6)]
  3930 | D:4      | Slain by an orc wizard

Skill      XL: |  1  2  3  4  5  6 |
---------------+-------------------+-----
Unarmed Combat | 4 5 6 7 |  7.0
Transmutations | 3 |  3.3
Fighting       | |  1.1
Dodging        | |  1.7
Spellcasting   | |  2.0

Action                   |  1- 3 |  4- 6 || total
-------------------------+-------+-------++-------
Melee: Unarmed           |   164 |   189 ||   353
       Tailslap          |    13 |    10 ||    23
       Kick              |     3 |     2 ||     5
       Punch             |     2 |     2 ||     4
       Headbutt          |     1 |       ||     1
 Cast: Beastly Appendage |     8 |     3 ||    11
       Sticks to Snakes  |     1 |     2 ||     3
       Spider Form       |       |     5 ||     5
  Use: Potion            |     6 |     1 ||     7
       Scroll            |       |     9 ||     9
 Stab: Sleeping          |     1 |     1 ||     2
  Eat: Chunk             |     1 |     6 ||     7
       Bread ration      |     1 |       ||     1
Armor: Skin              |    53 |    42 ||    95
Dodge: Dodged            |   128 |   105 ||   233
